 Dungeon Crawl Stone Soup version 0.24.0-123-gd5b16e6ec5 (webtiles) character file.

Game seed: 4041812948869635695, levelgen mode: deterministic

275 DavidChitty2 the Chopper (level 6, -1/55 HPs)
             Began as a Minotaur Fighter on Jan 23, 2020.
             Slain by a slave (3 damage)
             ... led by Pikel
             ... on level 4 of the Dungeon.
             The game lasted 00:02:53 (2221 turns).

DavidChitty2 the Chopper (Minotaur Fighter)         Turns: 2221, Time: 00:02:54

Health: -1/55      AC: 12    Str: 23    XL:     6   Next: 3%
Magic:  5/5        EV:  2    Int:  5    God:
Gold:   177        SH: 15    Dex:  9    Spells: 5/5 levels left

rFire    . . .     SeeInvis .   a - +0 war axe
rCold    . . .     Gourm    .   x - +0 large shield (curse)
rNeg     . . .     Faith    .   q - +0 plate armour
rPois    .         Spirit   .   (helmet restricted)
rElec    .         Reflect  .   (no cloak)
rCorr    .         Harm     .   (no gloves)
MR       .....                  (no boots)
Stlth    ..........             l - amulet of the acrobat
HPRegen  0.18/turn              (no ring)
MPRegen  0.09/turn              (no ring)

@: no status effects
A: retaliatory headbutt, horns 2
a: no special abilities


You were on level 4 of the Dungeon.
You were hungry.

You visited 1 branch of the dungeon, and saw 4 of its levels.

You collected 177 gold pieces.

Inventory:

Hand Weapons
 a - a +0 war axe (weapon)
Armour
 q - a +0 plate armour (worn)
   (You found it on level 2 of the Dungeon)
 x - a cursed +0 large shield (worn)
   (You found it on level 4 of the Dungeon)
Jewellery
 l - an amulet of the acrobat (around neck)
   (You found it on level 1 of the Dungeon)
 w - an uncursed ring of fire
   (You found it on level 3 of the Dungeon)
Scrolls
 f - a scroll of magic mapping {unknown}
 g - a scroll of blinking {unknown}
 h - 2 scrolls of remove curse {unknown}
 j - 2 scrolls of enchant weapon {unknown}
 m - a scroll of immolation {unknown}
 p - 2 scrolls of fog
 r - 2 scrolls of teleportation {@r4}
Potions
 b - a potion of haste {unknown}
 d - 2 potions of might
 i - a potion of ambrosia
 n - a potion of resistance
 o - a potion of brilliance {unknown}
 t - 2 potions of flight
 u - a potion of curing {@q1}
Comestibles
 e - 5 rations {!d}


   Skills:
 + Level 4.8 Fighting
 * Level 5.2 Axes
 + Level 4.9 Armour
 + Level 4.8 Shields


You had 5 spell levels left.
You didn't know any spells.
Your spell library was empty.

Dungeon Overview and Level Annotations

Branches:
Dungeon (4/15)
 Temple: D:4-7

Altars:
Cheibriados

Annotations:
D:4 Pikel


Innate Abilities, Weirdness & Mutations

You reflexively headbutt those who attack you in melee.
You have a pair of horns on your head.


Message History

You furiously retaliate!
You headbutt the hound!
You kill the hound!
You have reached level 6!
Your experience leads to an increase in your attributes!
Increase (S)trength, (I)ntelligence, or (D)exterity?
You feel stronger.
The slave hits you but does no damage. x2; Pikel hits you but does no damage.
You are electrocuted!
You closely miss the slave. Your headbutt misses the slave.
You closely miss the slave. You closely miss Pikel. You block Pikel's attack.
The slave hits you but does no damage. x2; The slave hits you.
You closely miss the slave.
You headbutt the slave, but do no damage.
You closely miss the slave.
Your shield and plate armour prevent you from hitting the slave.
You closely miss Pikel. You hit the slave.
You are feeling hungry.
The slave hits you but does no damage. You block the slave's attack.
You block Pikel's attack. The slave hits you!
* * * LOW HITPOINT WARNING * * *
The slave hits you but does no damage.
You closely miss Pikel. You slash the slave! You closely miss the slave.
You slash the slave!
Your shield and plate armour prevent you from hitting the slave.
You block the slave's attack. The slave hits you.
* * * LOW HITPOINT WARNING * * *
You block Pikel's attack. The slave completely misses you.
You block the slave's attack. The slave completely misses you.
You furiously retaliate!
You headbutt the slave, but do no damage.
Pikel hits you with a +1 whip of electrocution.
* * * LOW HITPOINT WARNING * * *
The slave hits you but does no damage. x2
You closely miss Pikel. Your headbutt misses Pikel.
Your plate armour prevents you from hitting the slave.
Your shield and plate armour prevent you from hitting the slave.
You slash the slave! You hit the slave. The slave completely misses you.
You block the slave's attack. The slave hits you but does no damage.
You block Pikel's attack. You block the slave's attack.
The slave hits you but does no damage. x2
Unknown command.
Your shield prevents you from hitting Pikel.
You closely miss the slave. You hit the slave but do no damage.
You closely miss the slave. You hit the slave.
Pikel hits you but does no damage.
You are electrocuted!!
* * * LOW HITPOINT WARNING * * *
The slave hits you but does no damage. You block the slave's attack.
The slave hits you.
You die...

.......## .
....... ..
...... # ...
....# #.#. ....
#...#.....
.....##.........
.......pK#......
.......<@p....#
.....#..pp##..#
... ##....# .
###..# ..# ...
.... #..#.


You could see Pikel and 4 slaves.

Vanquished Creatures
  A hound (D:4)
  A jelly (D:2)
  3 orc wizards (D:3)
  An orc priest (D:3)
  2 adders
  A worm (D:2)
  3 leopard geckos (D:3)
  11 orcs (D:3)
  4 giant cockroaches
  7 goblins
  9 hobgoblins
  3 jackals (D:3)
  5 bats
  3 frilled lizards
  7 kobolds
  9 rats
70 creatures vanquished.

Notes
Turn   | Place    | Note
-------+----------+-------------------------------------------
     0 | D:1      | DavidChitty2 the Minotaur Fighter began the quest for the
                  | Orb.
     0 | D:1      | Reached XP level 1. HP: 19/19 MP: 0/0
   175 | D:1      | Reached XP level 2. HP: 24/27 MP: 1/1
   263 | D:1      | Reached skill level 3 in Axes
   524 | D:2      | Found a snail-covered altar of Cheibriados.
   531 | D:2      | Reached XP level 3. HP: 22/33 MP: 2/2
  1110 | D:2      | Reached XP level 4. HP: 40/40 MP: 3/3
  1437 | D:3      | Reached skill level 4 in Axes
  1681 | D:3      | Reached XP level 5. HP: 47/47 MP: 4/4
  1956 | D:3      | Reached skill level 5 in Axes
  2211 | D:4      | Noticed a slave
  2211 | D:4      | Noticed a slave
  2211 | D:4      | Noticed a slave
  2211 | D:4      | Noticed a slave
  2212 | D:4      | Noticed Pikel
  2216 | D:4      | Reached XP level 6. HP: 49/55 MP: 5/5
  2221 | D:4      | HP: 2/55 [Pikel/+1 whip of electrocution (19)]
  2221 | D:4      | Slain by a slave

Levels and vault maps discovered:
D:1:      nzn_arrival_depleted_hourglass, layout_basic
D:2:      layout_rooms, cheibriados_altar_1
D:3:      layout_rooms
D:4:      layout_cave_pools, grunt_temple_overflow_open, gammafunk_ghost_smash,
          first_ration, uniq_pikel

Skill      XL: |  1  2  3  4  5 |
---------------+----------------+-----
Axes           | 3 4 5 |  5.2
Armour         | 4 |  4.9
Shields        | 4 |  4.8
Fighting       | 4 |  4.8

Action                   |  1- 3 |  4- 6 || total
-------------------------+-------+-------++-------
Melee: War axe           |    82 |   102 ||   184
       Headbutt          |     6 |    17 ||    23
  Use: Scroll            |       |     7 ||     7
  Eat: Chunk             |     1 |     3 ||     4
Armor: Scale mail        |    30 |       ||    30
       Plate armour      |     3 |    77 ||    80
Dodge: Dodged            |    28 |    30 ||    58
Block: Shield            |    56 |    48 ||   104
       Large shield      |       |    17 ||    17
